 Dungeon Crawl Stone Soup version 0.17.1-3-g152610e (webtiles) character file.

233 Asagix the Slasher (level 5, -4/48 HPs)
             Began as a Minotaur Berserker on Mar 19, 2016.
             Was a Believer of Trog.
             Slain by Crazy Yiuf
             ... wielding a +4 quarterstaff of chaos
              (9 damage)
             ... on level 2 of the Dungeon.
             The game lasted 00:05:33 (1925 turns).

Asagix the Slasher (Minotaur Berserker)             Turns: 1925, Time: 00:05:34

Health: -4/48      AC:  3    Str: 23    XL:     5   Next: 74%
Magic:  4/4        EV: 12    Int:  4    God:    Trog [**....]
Gold:   80         SH:  0    Dex:  9    Spells: 0 memorised, 4 levels left

rFire  . . .     SeeInvis .     z - +0 mace (crush)
rCold  . . .     Clarity  .     c - +0 leather armour
rNeg   . . .     SustAt   .     (no shield)
rPois  .         Gourm    .     (helmet restricted)
rElec  .         Spirit   .     (no cloak)
rCorr  .         Warding  .     (no gloves)
rMut   .         Stasis   .     (no boots)
MR     .....                    (no amulet)
Stlth  ++........               (no ring)
                                r - ring of stealth

@: not resistant to hostile enchantments, unstealthy
A: retaliatory headbutt, horns 2
a: Berserk, Trog's Hand, Burn Spellbooks, Renounce Religion


You were on level 2 of the Dungeon.
You worshipped Trog.
Trog was pleased with you.
You were not hungry.

You visited 1 branch of the dungeon, and saw 2 of its levels.

You collected 80 gold pieces.

Inventory:

Hand Weapons
 a - a +0 falchion
 v - a +0 scythe
 y - a +2 dagger of speed
 z - a +0 mace of crushing (weapon)
Armour
 b - a +0 animal skin
 c - a +0 leather armour (worn)
Jewellery
 r - a ring of stealth (left hand)
Wands
 u - a wand of frost (16)
Scrolls
 d - a scroll of recharging
 g - a scroll of immolation
 h - a scroll of magic mapping {unknown}
 i - a scroll of enchant armour {unknown}
 j - a scroll of teleportation
 k - a scroll of blinking {unknown}
 n - a scroll of remove curse {unknown}
 o - 2 scrolls of identify {unknown}
Potions
 e - a potion of flight {unknown}
 f - 2 potions of heal wounds {unknown}
 l - a potion of curing {unknown}
 m - a potion of brilliance {unknown}
 p - 2 potions of ambrosia {unknown}
 q - a potion of poison {unknown}
 s - 2 potions of agility {unknown}
 t - a potion of resistance {unknown}
 x - a potion of invisibility {unknown}
Comestibles
 w - a beef jerky


   Skills:
 + Level 5.2 Fighting
 + Level 5.6 Long Blades
 + Level 2.7 Armour
 + Level 3.8 Dodging
 + Level 0.1 Stealth


You had 4 spell levels left.
You didn't know any spells.

Dungeon Overview and Level Annotations

Branches:
Dungeon (2/15)

Altars:

Annotations:
D:2 Crazy Yiuf


Innate Abilities, Weirdness & Mutations

You reflexively headbutt those who attack you in melee.
You have a pair of horns on your head.


Message History

Wield which item (- for none, * to show all)? (? for menu, Esc to quit)
z - a +0 mace of crushing (weapon)
Found a mace.
Crazy Yiuf the Enlightened comes into view.
He is wielding a quarterstaff of chaos.
Crazy Yiuf shouts!
Crazy Yiuf zaps a wand.
The puff of flame hits you!
It is a wand of flame.
Crazy Yiuf sings, "Trees, trees, trees, circus!"
Crazy Yiuf zaps a wand.
The puff of flame hits you!
Crazy Yiuf zaps a wand.
The puff of flame hits you!
Crazy Yiuf zaps a wand.
The puff of flame misses you.
You closely miss Crazy Yiuf.
Crazy Yiuf zaps a wand.
The puff of flame hits you!
You sock Crazy Yiuf!
Crazy Yiuf is heavily wounded.
Crazy Yiuf hits you with a quarterstaff of chaos!
* * * LOW HITPOINT WARNING * * *
Crazy Yiuf freezes you.
* * * LOW HITPOINT WARNING * * *
Crazy Yiuf hits you with a quarterstaff of chaos!
You die...

.#.#.>....#..........#######..###
.....######...........##.........
#...## ####....###.<..).......
#...# ###### #######...... ##.##
#.##### ### #######..#
########.#.P..#.#
#...##..#.......#
#.g@..####.P)...# #)..###
##P...## ##### ######


You could see Crazy Yiuf.

Vanquished Creatures
  Sigmund (D:2)
  2 adders (D:2)
  An ooze (D:1)
  2 giant cockroaches (D:2)
  8 goblins
  7 hobgoblins
  4 jackals (D:2)
  12 kobolds
  A ball python (D:2)
  5 bats
  A giant gecko (D:1)
  A giant newt (D:1)
  10 rats
55 creatures vanquished.

Notes
Turn   | Place    | Note
--------------------------------------------------------------
     0 | D:1      | Asagix the Minotaur Berserker began the quest for the Orb.
     0 | D:1      | Reached XP level 1. HP: 19/19 MP: 0/0
   201 | D:1      | Reached skill level 4 in Long Blades
   201 | D:1      | Reached XP level 2. HP: 21/27 MP: 1/1
   775 | D:2      | Reached ** piety under Trog
   779 | D:2      | Reached XP level 3. HP: 24/33 MP: 2/2
  1222 | D:2      | Noticed Sigmund
  1243 | D:2      | Killed Sigmund
  1243 | D:2      | Reached skill level 5 in Fighting
  1243 | D:2      | Reached skill level 5 in Long Blades
  1243 | D:2      | Reached XP level 4. HP: 21/42 MP: 3/3
  1243 | D:2      | Reached XP level 5. HP: 24/48 MP: 4/4
  1919 | D:2      | Noticed Crazy Yiuf
  1925 | D:2      | Slain by Crazy Yiuf

Action                   |  1- 3 |  4- 6 || total
-------------------------+-------+-------++-------
Melee: Falchion          |    95 |       ||    95
       Scythe            |       |    13 ||    13
       Mace              |       |     2 ||     2
Invok: Berserk           |     1 |       ||     1
  Use: Scroll            |     3 |       ||     3
  Eat: Bread ration      |     1 |       ||     1
